Map: Newkirk Precinct TE (Void)

Players

Fropez - Winner!

  • Race: Protoss Protoss
  • League: Gold
  • Spawn Location: 5:00

ThePhysicist

  • Race: Terran Terran
  • League: Gold
  • Spawn Location: 7:00

VOD

Have the link to the VOD?

Description

Time

  • Played on: Nov. 27, 2016, 4:38 p.m.
  • Length: 8:55
Show
View Real Time Build Order
Export as new Build Order

Fropez Protoss - Winner!

Build Orders: Zealot Archon 

Get SALT Encoding   

  12  0:01  Probe (Chrono Boost)  
  13  0:11  Probe (Chrono Boost)  
  14  0:18  Pylon  
  14  0:22  Probe (Chrono Boost)  
  15  0:29  Assimilator  
  15  0:36  Probe (Chrono Boost)  
  16  0:46  Gateway  
  16  0:47  Probe (Chrono Boost)  
  17  0:57  Probe (Chrono Boost)  
  18  1:08  Probe (Chrono Boost)  
  19  1:11  Assimilator  
  19  1:21  Probe (Chrono Boost)  
  19  1:23  Pylon  
  19  1:24  Pylon  
  20  1:33  Cybernetics Core  
  20  1:39  Probe (Chrono Boost)  
  21  1:50  Probe (Chrono Boost)  
  22  1:58  Gateway  
  22  2:00  Probe (Chrono Boost)  
  23  2:11  Mothership Core (Chrono Boost)  
  23  2:12  Warp Gate (Chrono Boost)  
  25  2:20  Stalker  
  27  2:37  Probe  
  28  2:50  Nexus  
  28  2:54  Stalker  
  30  3:08  Pylon  
  30  3:16  Probe  
  31  3:26  Adept  
  33  3:30  Probe  
  34  3:39  Pylon  
  34  3:42  Probe  
  34  3:47  Forge  
  35  4:00  Assimilator  
  35  4:05  Pylon  
  33  4:26  Probe  
  33  4:27  Protoss Ground Weapons Level 1 (Chrono Boost)  
  34  4:33  Probe  
  34  4:36  Twilight Council  
  35  4:38  Probe  
  35  4:42  Stalker x2  
  40  4:46  Probe  
  41  4:56  Probe  
  41  4:57  Pylon  
  42  5:00  Assimilator  
  42  5:01  Pylon  
  42  5:06  Stalker x2  
  46  5:10  Probe  
  46  5:12  Blink  
  47  5:18  Probe  
  48  5:22  Templar Archives  
  48  5:26  Probe  
  49  5:30  Adept  
  49  5:31  Adept  
  53  5:41  Probe  
  53  5:42  Probe  
  55  5:51  Probe  
  55  5:52  Stalker  
  55  5:54  Pylon, Probe  
  55  6:21  Stalker x2  
  55  6:23  Probe  
  55  6:24  Probe  
  59  6:32  Gateway  
  59  6:33  Gateway  
  59  6:37  Gateway  
  59  6:39  Gateway  
  59  6:50  Protoss Ground Weapons Level 2 (Chrono Boost)  
  59  7:01  Stalker x2  
  59  7:06  Probe  
  59  7:08  Probe  
  63  7:22  Gateway  
  63  7:24  Gateway  
  63  7:25  Dark Shrine  
  63  7:26  Gateway  
  63  7:32  Robotics Facility  
  63  7:47  High Templar x6  
  75  7:51  Archon x3  
  75  7:57  Probe  
  75  7:58  Probe  
  77  8:16  Nexus  
  73  8:20  Pylon  
  73  8:21  Stalker  
  73  8:22  Stalker x5  
  80  8:40  High Templar x2  
Show
View Real Time Build Order
Export as new Build Order

ThePhysicist Terran 

Build Orders:  

Get SALT Encoding   

  12  0:01  SCV  
  13  0:13  SCV  
  14  0:20  Supply Depot  
  14  0:25  SCV  
  15  0:42  SCV  
  16  0:43  Barracks  
  16  0:50  Refinery  
  16  0:54  SCV  
  17  1:06  SCV  
  18  1:18  SCV  
  19  1:36  Command Center  
  19  1:38  Marine  
  21  1:56  Marine, Orbital Command  
  21  2:14  Marine  
  22  2:17  Factory  
  22  2:32  Marine, Refinery  
  23  2:40  Engineering Bay  
  23  2:44  SCV  
  23  2:56  SCV  
  24  2:58  Barracks  
  24  3:01  Barracks Reactor  
  24  3:06  Factory Tech Lab  
  24  3:08  SCV  
  25  3:15  Orbital Command  
  25  3:21  SCV  
  26  3:29  Starport  
  26  3:33  SCV  
  27  3:36  Siege Tank  
  27  3:40  SCV  
  31  3:49  Bunker  
  31  3:51  Marine  
  31  3:53  SCV  
  31  3:54  SCV  
  31  3:55  Barracks Tech Lab  
  34  4:03  Engineering Bay  
  34  4:05  SCV  
  34  4:06  SCV  
  34  4:08  Starport Reactor  
  36  4:11  Supply Depot  
  36  4:17  SCV  
  37  4:29  Supply Depot  
  37  4:32  Marine  
  37  4:34  Liberator  
  37  4:36  Supply Depot  
  38  4:41  Missile Turret  
  38  4:44  Missile Turret  
  38  4:46  Missile Turret  
  38  4:50  Marine x2, Marauder  
  38  4:51  Liberator  
  45  4:56  SCV  
  46  5:00  SCV  
  47  5:08  Marine, SCV  
  47  5:13  Terran Infantry Weapons Level 1  
  52  5:23  Marauder  
  54  5:31  Supply Depot  
  54  5:52  Marine x2  
  54  5:53  SCV  
  57  6:04  Refinery  
  57  6:05  SCV  
  57  6:10  Marine  
  58  6:17  SCV  
  58  6:23  SCV  
  58  6:29  SCV  
  59  6:33  Marine x2  
  59  6:35  SCV  
  62  6:43  Supply Depot  
  62  6:44  Supply Depot  
  62  6:47  Liberator x2  
  62  6:50  Starport, Engineering Bay  
  62  6:51  Marine, Barracks  
  62  7:04  SCV x2  
  62  7:06  Marauder, Refinery  
  72  7:27  SCV  
  73  7:31  Command Center  
  73  7:41  SCV x2  
  73  7:43  Command Center  
  75  7:47  Marine, Marauder  
  78  8:09  Supply Depot  
  78  8:10  Supply Depot  
  78  8:11  Supply Depot x2  
  78  8:28  SCV  
  78  8:29  Marauder  
  78  8:30  Marine x2  
  78  8:31  SCV  
  82  8:37  Starport Tech Lab  
  82  8:40  Starport  
  82  8:41  SCV, Barracks Tech Lab  
  83  8:42  Supply Depot  
  83  8:43  SCV  
Tags
 
Add a new tag
Caveats
  • Supply blocks, unpowered buildings, or Contaminate may cause inaccurate times.
  • Supply counts are checked every 10 seconds.